 Dungeon Crawl Stone Soup version 0.29.1-13-g9f3cf754e1 (webtiles) character file.

Game seed: 61892582197434601

210 croobank the Ducker (level 5, -2/23 HPs)
             Began as a Felid Transmuter on Jan 26, 2023.
             Was an Initiate of Gozag.
             Killed by divine providence
             ... invoked by an orc priest
              (11 damage)
             ... on level 4 of the Dungeon.
             The game lasted 00:12:01 (5325 turns).

croobank the Ducker (Felid Transmuter)              Turns: 5325, Time: 00:12:02

Health: -2/23      AC:  1    Str:  6    XL:     5   Next: 57%
Magic:  0/10       EV: 18    Int: 17    God:    Gozag
Gold:   135        SH:  0    Dex: 16    Spells: 5/10 levels left
                                        Lives:  0   Deaths: 1

rFire   . . .      SeeInvis +     - Unarmed
rCold   . . .      Faith    .   (shield unavailable)
rNeg    . . .      Spirit   +   (body armour unavailable)
rPois   .          Reflect  .   (helmet unavailable)
rElec   .          Harm     .   (cloak unavailable)
rCorr   .          Rampage  .   (gloves unavailable)
Will    .....                   (boots unavailable)
Stlth   +.........              c - amulet of guardian spirit
HPRegen 0.07/turn               (no ring)
MPRegen 0.12/turn               (no ring)

@: appendages (expiring), wereblooded, gold aura, quick
A: horns 2, very small, claws 1, fangs 3, see invisible, speed 1, shaggy fur 1,
stealthy paws, no weapons or thrown items, no armour, multi-lived
a: End Transformation, Renounce Religion, Potion Petition, Call Merchant, Bribe
Branch


You were on level 4 of the Dungeon.
You worshipped Gozag.
Gozag was aware of your devotion.
You had temporarily grown beastly horns.
You visited 1 branch of the dungeon, and saw 4 of its levels.

You collected 171 gold pieces.
You paid 36 gold pieces to Gozag.

Inventory:

Jewellery
 c - an amulet of guardian spirit (around neck)
Scrolls
 g - a scroll of immolation
 h - a scroll of acquirement {unknown}
 m - 2 scrolls of poison
Potions
 a - a potion of lignification
 b - 3 potions of curing
 d - a potion of heal wounds {unknown}
 e - a potion of invisibility {unknown}
 f - a potion of ambrosia {unknown}
 i - a potion of resistance {unknown}
 j - a potion of attraction {unknown}
 k - a potion of degeneration {unknown}
 n - a potion of might {unknown}
 o - a potion of flight {unknown}


   Skills:
 + Level 2.7 Fighting
 + Level 4.3 Dodging
 + Level 3.9 Unarmed Combat
 + Level 3.1 Spellcasting
 + Level 3.5 Transmutations
 + Level 1.4 Fire Magic


You had 5 spell levels left.
You knew the following spells:

 Your Spells              Type           Power      Damage    Failure   Level
a - Beastly Appendage     Tmut           28%        N/A       4%          1
b - Wereblood             Tmut           14%        N/A       6%          2
c - Scorch                Fire           14%        2d6       14%         2

Your spell library contained the following spells:

 Spells                   Type           Power      Damage    Failure   Level
 Passwall                 Tmut/Erth      6%         N/A       13%         2
 Sandblast                Erth           4%         2d4       17%         1
 Spider Form              Tmut/Pois      8%         N/A       26%         3
 Inner Flame              Hex/Fire       5%         N/A       36%         3
 Stone Arrow              Conj/Erth      4%         3d7       45%         3
 Ice Form                 Ice/Tmut       8%         N/A       63%         4
 Flame Wave               Conj/Fire      5%         2d5       78%         4
 Cause Fear               Hex            1%         N/A       86%         4
 Summon Cactus Giant      Summ           1%         N/A       100%        6
 Discord                  Hex            1%         N/A       100%        8


Dungeon Overview and Level Annotations

Branches:
Dungeon (4/15)
 Temple: D:4-7

Altars:
Ashenzari
Gozag
Nemelex Xobeh
Wu Jian

Shops:
D:3 [


Innate Abilities, Weirdness & Mutations

You have temporarily grown beastly horns.
You have sharp claws.
You have razor-sharp teeth.
You have supernaturally acute eyesight. (SInv)
You cover ground quickly. (Speed+)
You are covered in fur. (AC +1)
Your paws help you pounce on unaware monsters.
You are incapable of wielding weapons or throwing items.
You cannot wear armour.
You gain extra lives every three experience levels.


Message History

Casting: Scorch (safe; 14% risk of failure)
Confirm with . or Enter, or press ? or * to list all spells.
You don't have enough magic to cast this spell.
You scratch the orc priest. You headbutt the orc priest.
The orc priest is moderately wounded.
You howl as the wereblood boils in your veins!
Your transformation is almost over.
The orc priest misses you.
You howl as the wereblood boils in your veins!
The orc priest hits you with a +0 dagger.
Casting: Scorch (safe; 14% risk of failure)
Confirm with . or Enter, or press ? or * to list all spells.
Flames lash the orc priest.
The orc priest is heavily wounded.
The orc priest's fire resistance burns away.
The orc priest hits you with a +0 dagger.
The orc priest is distracted by your dazzling golden aura.
The orc priest hits you with a +0 dagger.
Casting: Scorch (safe; 14% risk of failure)
Confirm with . or Enter, or press ? or * to list all spells.
You don't have enough magic to cast this spell.
The orc priest shouts!
You scratch the orc priest. You headbutt the orc priest.
The orc priest is heavily wounded.
The orc priest mumbles some strange prayers to Beogh against you.
Beogh smites you!
Ouch! That really hurt!
* * * LOW HITPOINT WARNING * * *
A worm comes into view.
You barely miss the orc priest. Your headbutt misses the orc priest.
The orc priest is heavily wounded.
The orc priest closely misses you. x2
Your magical contamination has completely faded away.
Okay, then.
Unknown command.
It was a potion of curing.
You feel better.
The orc priest mumbles some strange prayers to Beogh against you.
Beogh smites you!
You die...
Your body crumbles into a pile of gold.

#..#♣#.#♣#.#♣
#...#...#...
#.#...#...# ..
..#♣#.#♣#.#♣#.#♣## ##
#...#...#...#.#
#..#...#...# ..
#.#♣#.#♣#.#♣#$ ##
#...#...#o######..#
......#...#...o@......w
####.#♣#.#♣#$.#######..
### #...#.#.# $
##....##.#...#
#.....##.....#
#............#
#............#
#...#....#...#
##...........#


You could see a worm and 2 orc priests.

Vanquished Creatures
  Pargi (D:3)
  An iguana (D:3)
  Natasha (thrice) (D:2)
  3 adders
  3 dart slugs
  3 orcs (D:4)
  6 ball pythons
  3 bats
  4 endoplasms
  2 giant cockroaches (D:2)
  9 goblins
  6 hobgoblins
  8 jackals
  4 kobolds
  3 quokkas
  3 frilled lizards (D:1)
  3 rats
65 creatures vanquished.

Notes
Turn   | Place    | Note
-------+----------+-------------------------------------------
     0 | D:1      | croobank the Felid Transmuter began the quest for the Orb.
     0 | D:1      | Reached XP level 1. HP: 9/9 MP: 4/4
   266 | D:1      | Reached XP level 2. HP: 12/12 MP: 4/6
   276 | D:1      | Reached skill level 3 in Dodging
   691 | D:1      | Learned a level 2 spell: Wereblood
   936 | D:1      | Reached XP level 3. HP: 15/15 MP: 3/7
  2439 | D:2      | Noticed Natasha
  2448 | D:2      | Killed Natasha
  2449 | D:2      | Reached XP level 4. HP: 16/19 MP: 2/8
  2559 | D:2      | Noticed Natasha
  2568 | D:2      | Killed Natasha
  2707 | D:2      | Learned a level 2 spell: Scorch
  2800 | D:2      | You fall into a shaft and drop 1 floor!
  2873 | D:2      | Noticed Natasha
  2879 | D:2      | Killed Natasha
  3107 | D:2      | Reached XP level 5. HP: 19/22 MP: 6/10
  3354 | D:2      | Found a faded altar of an unknown god.
  3493 | D:3      | Found Baivour's Antique Armour Shoppe.
  3816 | D:3      | Reached skill level 4 in Dodging
  4312 | D:3      | Found a sparkling altar of Nemelex Xobeh.
  4312 | D:3      | Found a broken altar of Ashenzari.
  4312 | D:3      | Noticed Pargi
  4326 | D:3      | Killed Pargi
  4326 | D:3      | Killed by an exploding Pargi... ignited by their inner
                  | flame
  4327 | D:3      | Reached XP level 4. HP: -11/19 MP: 0/9
  4327 | D:3      | Reached skill level 1 in Fire Magic
  4327 | D:3      | Reached XP level 5. HP: 23/23 MP: 10/10
  4579 | D:3      | Found an opulent altar of Gozag.
  4579 | D:3      | Found an ornate altar of the Wu Jian Council.
  4591 | D:3      | Became a worshipper of Gozag Ym Sagoz the Greedy
  5323 | D:4      | HP: 1/23 [orc priest/divine providence (13)]
  5325 | D:4      | Killed from afar by an orc priest

Illustrated notes

Levels and vault maps discovered:
D:1:      kilobyte_arrival_exit_the_forest, layout_basic
D:2:      layout_basic, ebering_ecumenical_altar_sacrificial, uniq_natasha
D:3:      layout_loops_corners, grunt_temple_overflow_open, serial_shops,
          nicolae_shop_overgrown_old_shop, uniq_pargi
D:4:      layout_loops_ring, chequers_serial_rivers_large_a, skrybe_limestone_x,
          kennysheep_doodads, corexii_leaking_fountain

Skill      XL: |  1  2  3  4  5 |
---------------+----------------+-----
Dodging        | 3 4 |  4.3
Transmutations | 3 |  3.5
Fighting       | 2 |  2.7
Spellcasting   | 3 |  3.1
Fire Magic     | 1 |  1.4
Unarmed Combat | |  3.9

Action                   |  1- 3 |  4- 6 || total
-------------------------+-------+-------++-------
Melee: Unarmed           |   101 |    60 ||   161
       Headbutt          |    13 |     8 ||    21
       Bite              |     4 |     5 ||     9
       Punch             |     4 |     1 ||     5
 Cast: Beastly Appendage |    20 |    18 ||    38
       Wereblood         |    10 |    16 ||    26
       Scorch            |       |    17 ||    17
  Use: Scroll            |     5 |     6 ||    11
       Potion            |       |     1 ||     1
 Stab: Sleeping          |     1 |     1 ||     2
Armor: Skin              |     3 |     3 ||     6
Dodge: Dodged            |    69 |    38 ||   107
